 Dungeon Crawl Stone Soup version 0.18.0-2-g198d6d4 (webtiles) character file.

14812 Heskey the Fighter (level 11, -18/98 HPs)
             Began as a Demonspawn Fighter on May 5, 2016.
             Was a High Priest of Makhleb.
             Demolished by Maud
             ... wielding a +4 great sword of slicing
              (32 damage)
             ... on level 12 of the Dungeon.
             The game lasted 00:26:12 (9605 turns).

Heskey the Fighter (Demonspawn Fighter)             Turns: 9605, Time: 00:26:13

Health: -18/98     AC: 23    Str: 24    XL:     11   Next: 93%
Magic:  12/12      EV:  7    Int: 11    God:    Makhleb [*****.]
Gold:   815        SH:  9    Dex: 13    Spells: 0 memorised, 10 levels left

rFire  . . .     SeeInvis .     x - +5 broad axe (chop)
rCold  . . .     Gourm    +     D - +7 plate armour "Wadipn" {Regen+ Str+4}
rNeg   + . .     Faith    .     c - +0 shield
rPois  .         Spirit   .     (no helmet)
rElec  .         Dismiss  .     (no cloak)
rCorr  .         Reflect  .     C - +1 pair of gloves
SustAt .         Harm     .     (no boots)
MR     .....                    w - amulet of the gourmand
Stlth  ..........               o - +3 ring of evasion
                                e - ring of positive energy

@: not resistant to hostile enchantments, extremely unstealthy
A: talons 2, blurry vision 1, clever 1, powered by death 3, screaming 1, spiny 2
a: Minor Destruction, Lesser Servant of Makhleb, Major Destruction, Greater
Servant of Makhleb, Renounce Religion


You were on level 12 of the Dungeon.
You worshipped Makhleb.
Makhleb was extremely pleased with you.
You were very full.

You visited 2 branches of the dungeon, and saw 13 of its levels.
You also visited: Sewer.

You collected 815 gold pieces.

Inventory:

Hand Weapons
 x - a +5 broad axe of chopping (weapon)
Armour
 c - a +0 shield (worn)
 n - a +3 plate armour
 C - a +1 pair of gloves (worn)
 D - the +7 plate armour "Wadipn" (worn) {Regen+ Str+4}
   (You found it on level 11 of the Dungeon)

   It affects your strength (+4).
   It increases your rate of regeneration.
Jewellery
 e - a ring of positive energy (left hand)
 o - a +3 ring of evasion (right hand)
 w - an amulet of the gourmand (around neck)
Wands
 j - a wand of digging (14/24)
 m - a wand of iceblast (15/15)
 r - a wand of lightning (0/15)
 t - a wand of lightning (1/15)
 u - a wand of random effects (4/48)
 y - a wand of slowing (30/48)
 E - a wand of disintegration (4/24)
 F - a wand of flame (26/48)
Scrolls
 b - 5 scrolls of recharging
 g - 6 scrolls of identify
 l - 4 scrolls of teleportation
 z - a scroll of remove curse
Potions
 k - 5 potions of flight
 v - 3 potions of curing
 B - 4 potions of brilliance
Comestibles
 d - a royal jelly
 f - 5 bread rations
 i - 3 beef jerkies
 p - 7 fruits
 q - 2 slices of pizza
 s - 3 meat rations


   Skills:
 * Level 13.4 Fighting
 + Level 9.3 Axes
 + Level 9.5 Armour
 - Level 2.6 Shields
 + Level 1.8 Invocations


You had 10 spell levels left.
You didn't know any spells.

Dungeon Overview and Level Annotations

Branches:
Dungeon (12/15)            Temple (0/1) D:7            Lair (0/8) D:11
    Orc (1/2) D:9

Altars:
Ashenzari
Cheibriados
Dithmenos
Gozag
Makhleb
Pakellas
Ru
Sif Muna
Trog
Xom

Shops:
D:9 *

Annotations:
D:12 Maud


Innate Abilities, Weirdness & Mutations

You have razor-sharp toenails.
You regenerate a lot of health from kills.
You are mostly covered in sharp spines.
Scrolls take you a little longer to read.
Your mind is acute. (Int +2)
You occasionally shout uncontrollably at your foes.


Message History

Maud closely misses you.
You hit Maud but do no damage.
Maud is heavily wounded.
Maud barely misses you.
You hit Maud but do no damage.
Maud is heavily wounded.
You block Maud's attack.
You closely miss Maud. You claw Maud, but do no damage.
Maud is heavily wounded.
Maud hits you with a great sword of slicing!
* * * LOW HITPOINT WARNING * * *
x2 Maud hits you with a great sword of slicing!!
* * * LOW HITPOINT WARNING * * *
x2 You feel a little less clever now.
Maud frowns.
Maud screams, "Die, you thief!"
You see here 2 arrows.
Maud is struck by your spines.
Maud hits you with a great sword of slicing!!
You die...

.......## ####.###.#.....
........# #(.......##..##
........# #.............#
........# #(......###....
........# #..[.(..###.#..
........# #..<(...#...#.#
........# #...)...#......
........####..........###.
........÷@@.......÷#.## #.
.......[###..........#####
........##................
...........######....##...
...:....### ##..##..#.
....##### #.#... #. ....
#.#.##... .. ...## ##. #


You could see Maud.

Vanquished Creatures
  A hydra (D:11)
  An unseen horror (D:11)
  3 hill giants
  3 ugly things
  A cyclops (D:11)
  2 centaur zombies
  Maurice (D:11)
  The ghost of no0bjke the Skirmisher, an amateur GrBe of Trog (D:7)
  A wyvern (D:11)
  16 yaks
  A hungry ghost (D:8)
  2 wraiths
  Menkaure (D:4)
  A warg (D:9)
  A soldier ant (D:8)
  6 orc warriors
  A black bear (D:6)
  2 phantoms
  2 eyes of draining
  2 wasps
  5 ice beasts
  4 sky beasts
  A necrophage (D:9)
  6 ogres
  8 centaurs
  2 crocodiles
  A big kobold (D:10)
  6 giant frogs
  A gnoll sergeant (D:7)
  A wyvern skeleton (D:10)
  A water moccasin skeleton (D:8)
  2 scorpions
  3 jellies
  9 wights
  3 electric eels (D:9)
  4 howler monkeys (D:8)
  A giant frog zombie (D:12)
  3 hounds
  2 giant frog skeletons
  8 orc priests
  5 iguanas
  Terence (D:2)
  9 orc wizards
  8 worker ants
  A merfolk avatar (Sewer)
  A siren (Sewer)
  A hound skeleton (D:3)
  A howler monkey zombie (D:9)
  A worker ant zombie (D:9)
  13 adders
  12 gnolls
  2 howler monkey skeletons
  3 river rats (Sewer)
  4 shadow imps
  4 worms
  2 dart slugs
  9 giant geckos
  52 orcs
  8 giant cockroaches
  11 goblins
  8 hobgoblins
  18 jackals
  8 kobolds
  3 quokkas
  7 ball pythons
  14 bats
  10 giant newts
  A quokka skeleton (D:5)
  30 rats
367 creatures vanquished.

Notes
Turn   | Place    | Note
--------------------------------------------------------------
     0 | D:1      | Heskey the Demonspawn Fighter began the quest for the Orb.
     0 | D:1      | Reached XP level 1. HP: 18/18 MP: 1/1
    98 | D:1      | Gained mutation: You are partially covered in sharp spines. [demonic ancestry]
    98 | D:1      | Reached XP level 2. HP: 17/24 MP: 2/2
   212 | D:1      | Gained mutation: You regenerate a little health from kills. [demonic ancestry]
   212 | D:1      | Reached XP level 3. HP: 24/29 MP: 3/3
   747 | D:2      | Reached skill level 4 in Fighting
   750 | D:2      | Reached XP level 4. HP: 24/37 MP: 4/4
   802 | D:2      | Noticed Terence
   829 | D:2      | Killed Terence
   956 | D:2      | Found a sacrificial altar of Ru.
  1004 | D:2      | Gained mutation: You have sharp toenails. [demonic ancestry]
  1004 | D:2      | Reached XP level 5. HP: 39/43 MP: 5/5
  1315 | D:3      | Found a glowing drain.
  1326 | Sewer    | Entered a sewer
  1530 | Sewer    | Gained mutation: You regenerate health from kills. [demonic ancestry]
  1530 | Sewer    | Reached XP level 6. HP: 50/50 MP: 6/6
  1558 | Sewer    | Reached skill level 5 in Fighting
  2595 | D:4      | Noticed Menkaure
  2604 | D:4      | Killed Menkaure
  2604 | D:4      | Gained mutation: You have razor-sharp toenails. [demonic ancestry]
  2604 | D:4      | Reached XP level 7. HP: 13/57 MP: 7/7
  2607 | D:4      | Found a shimmering altar of Xom.
  2809 | D:4      | Found a shattered altar of Ashenzari.
  2811 | D:4      | Found a deep blue altar of Sif Muna.
  2813 | D:4      | Found a bloodstained altar of Trog.
  2813 | D:4      | Found a burning altar of Makhleb.
  2814 | D:4      | Found an opulent altar of Gozag.
  2828 | D:4      | Became a worshipper of Makhleb the Destroyer
  2879 | D:4      | Reached skill level 6 in Fighting
  2969 | D:4      | Found a shadowy altar of Dithmenos.
  3332 | D:5      | Entered Level 5 of the Dungeon
  3352 | D:5      | Reached skill level 5 in Armour
  3354 | D:5      | Reached * piety under Makhleb
  3354 | D:5      | Reached skill level 7 in Fighting
  3354 | D:5      | Reached XP level 8. HP: 61/67 MP: 8/8
  3468 | D:5      | Found an oddly glowing altar of Pakellas.
  4017 | D:6      | Reached skill level 5 in Axes
  4343 | D:7      | Reached skill level 8 in Fighting
  4477 | D:7      | Reached ** piety under Makhleb
  4533 | D:7      | Found a staircase to the Ecumenical Temple.
  4557 | D:7      | Reached XP level 9. HP: 44/75 MP: 9/9
  4607 | D:7      | Noticed no0bjke's ghost (amateur GrBe)
  4619 | D:7      | Killed no0bjke's ghost
  4626 | D:7      | Reached skill level 9 in Fighting
  5317 | D:8      | Reached skill level 10 in Fighting
  5869 | D:8      | Reached *** piety under Makhleb
  5922 | D:8      | Gained mutation: You regenerate a lot of health from kills. [demonic ancestry]
  5922 | D:8      | Reached XP level 10. HP: 74/86 MP: 10/10
  6119 | D:8      | Found a bloodstained altar of Trog.
  6354 | D:9      | Found Kaohun's General Store.
  6372 | D:9      | Reached **** piety under Makhleb
  6443 | D:9      | Reached skill level 11 in Fighting
  6595 | D:9      | Found a staircase to the Orcish Mines.
  6599 | D:9      | You fall through a shaft!
  6599 | D:10     | Entered Level 10 of the Dungeon
  6824 | D:9      | Found a snail-covered altar of Cheibriados.
  6905 | Orc:1    | Entered Level 1 of the Orcish Mines
  6934 | Orc:1    | Noticed a deep troll
  6934 | Orc:1    | Noticed an orc high priest
  7006 | D:10     | Noticed a hill giant
  7308 | D:9      | Killed a hill giant
  7486 | D:10     | Noticed an orange demon
  7487 | D:10     | Found a burning altar of Makhleb.
  7487 | D:10     | Noticed a rust devil
  7722 | D:10     | Gained mutation: You occasionally shout uncontrollably at your foes. [potion of mutation]
  7722 | D:10     | Gained mutation: Scrolls take you a little longer to read. [potion of mutation]
  7722 | D:10     | Gained mutation: Your mind is acute. (Int +2) [potion of mutation]
  7824 | D:10     | Reached skill level 12 in Fighting
  7824 | D:10     | Gained mutation: You are mostly covered in sharp spines. [demonic ancestry]
  7824 | D:10     | Reached XP level 11. HP: 77/95 MP: 11/11
  7890 | D:11     | Noticed a cyan ugly thing
  7901 | D:11     | Killed a cyan ugly thing
  8049 | D:11     | Noticed Maurice
  8066 | D:11     | Killed Maurice
  8079 | D:11     | Noticed a hill giant
  8099 | D:10     | Reached ***** piety under Makhleb
  8177 | D:11     | Noticed a brown ugly thing
  8184 | D:11     | Killed a brown ugly thing
  8384 | D:11     | Killed a hill giant
  8436 | D:11     | Noticed a hill giant
  8449 | D:11     | Killed a hill giant
  8488 | D:11     | Got a steaming plate armour
  8490 | D:11     | Killed an unseen horror
  8490 | D:11     | Reached skill level 13 in Fighting
  8491 | D:11     | Identified the +7 plate armour "Wadipn" {Regen+ Str+4} (You found it on level 11 of the Dungeon)
  8660 | D:11     | Found a staircase to the Lair.
  8834 | D:12     | Noticed a six-headed hydra
  8963 | D:11     | Killed a six-headed hydra
  9022 | D:12     | Reached skill level 1 in Invocations
  9122 | D:12     | Noticed a green ugly thing
  9131 | D:12     | Killed a green ugly thing
  9151 | D:12     | Noticed Maud
  9559 | D:11     | Identified a scroll of acquirement
  9588 | D:12     | HP: 4/98 [Maud/great sword of slicing (21)]
  9605 | D:12     | Demolished by Maud

Skill      XL: |  1  2  3  4  5  6  7  8  9 10 11 |
---------------+----------------------------------+-----
Axes           | 2 3 4 5 6 8 9 |  9.3
Armour         | 3 4 5 6 7 8 9 |  9.5
Fighting       | 4 5 7 8 10 12 13 | 13.4
Invocations    | 1 |  1.8
Shields        | |  2.6

Action                   |  1- 3 |  4- 6 |  7- 9 | 10-12 || total
-------------------------+-------+-------+-------+-------++-------
Melee: War axe           |    62 |   217 |   299 |   426 ||  1004
       Kick              |       |    40 |    91 |   163 ||   294
       Broad axe         |       |       |       |    12 ||    12
Evoke: Wand              |       |       |       |     6 ||     6
  Use: Scroll            |       |     3 |     5 |    15 ||    23
       Potion            |       |     2 |     4 |     5 ||    11
  Eat: Chunk             |       |     5 |     6 |    15 ||    26
       Fruit             |       |     1 |       |       ||     1
       Royal jelly       |       |       |     1 |       ||     1
       Meat ration       |       |       |     1 |     1 ||     2
       Beef jerky        |       |       |       |     1 ||     1
Armor: Scale mail        |    30 |    72 |    86 |    32 ||   220
       Plate armour      |       |       |       |   176 ||   176
Dodge: Dodged            |    13 |    36 |    94 |   115 ||   258
Block: Shield            |    40 |   105 |   140 |   207 ||   492
